 Dungeon Crawl Stone Soup version 0.24.0-123-gd5b16e6ec5 (webtiles) character file.

Game seed: 11347287445640498381, levelgen mode: deterministic

1096 Norian the Conjurer (level 8, 0/57 HPs)
             Began as a Black Draconian Conjurer on Dec 21, 2019.
             Was an Initiate of Vehumet.
             Shot with an arrow by a centaur (15 damage)
             ... on level 5 of the Dungeon.
             The game lasted 00:07:49 (3270 turns).

Norian the Conjurer (Black Draconian Conjurer)      Turns: 3270, Time: 00:07:49

Health: 0/57       AC:  7    Str: 11    XL:     8   Next: 10%
Magic:  15/16      EV: 12    Int: 18    God:    Vehumet [......]
Gold:   120        SH:  0    Dex: 11    Spells: 9/18 levels left

rFire    . . .     SeeInvis .   i - +1 dagger (venom)
rCold    . . .     Gourm    .   (no shield)
rNeg     . . .     Faith    .   (armour unavailable)
rPois    .         Spirit   .   (helmet restricted)
rElec    +         Reflect  .   (no cloak)
rCorr    +         Harm     .   o - +0 pair of gloves
MR       .....                  (no boots)
Stlth    +.........             (no amulet)
HPRegen  0.19/turn              d - ring of resist corrosion
MPRegen  0.15/turn              (no ring)

@: confused, very slightly contaminated
A: breathe lightning, unfitting armour, electricity resistance, cold-blooded, AC
+6
a: Breathe Lightning, Renounce Religion


You were on level 5 of the Dungeon.
You worshipped Vehumet.
Vehumet was noncommittal.
You were hungry.

You visited 1 branch of the dungeon, and saw 6 of its levels.

You collected 120 gold pieces.

Inventory:

Hand Weapons
 i - a +1 dagger of venom (weapon)
Armour
 o - a +0 pair of gloves (worn)
Jewellery
 d - a ring of resist corrosion (left hand)
 j - an uncursed ring of flight {unknown}
 l - a cursed amulet of inaccuracy {unknown}
Wands
 p - a wand of polymorph (10)
Scrolls
 a - 3 scrolls of remove curse {unknown}
 f - a scroll of enchant weapon {unknown}
 g - 6 scrolls of identify {unknown}
 k - 3 scrolls of enchant armour {unknown}
 n - a scroll of fog {unknown}
 r - a scroll of random uselessness {unknown}
 t - a scroll of blinking {unknown}
Potions
 c - a potion of cancellation
 e - a potion of mutation {unknown}
 m - a potion of resistance {unknown}
 q - a potion of flight {unknown}
Comestibles
 b - 9 rations
 s - 2 chunks of flesh


   Skills:
 - Level 1.7 Dodging
 - Level 1.7 Stealth
 + Level 5.8 Spellcasting
 + Level 7.2 Conjurations
 + Level 3.6 Hexes


You had 9 spell levels left.
You knew the following spells:

 Your Spells              Type           Power        Failure   Level  Hunger
a - Magic Dart            Conj           ####         1%          1    None
b - Iskenderun's Mystic   Conj           ####....     6%          4    ####...
c - Fulminant Prism       Conj/Hex       ###.......   13%         4    ####...

Your spell library contained the following spells:

 Spells                   Type           Power        Failure   Level  Hunger
 Searing Ray              Conj           ####..       1%          2    None
 Dazzling Spray           Conj/Hex       ###...       4%          3    ##.....
 Force Lance              Conj/Tloc      ###.....     26%         4    ####...


Dungeon Overview and Level Annotations

Branches:
Dungeon (6/15)
 Temple: D:4-7

Altars:
Gozag
Ru
Vehumet

Annotations:
D:5 Ijyb


Innate Abilities, Weirdness & Mutations

You can breathe wild blasts of lightning.
Your glossy black scales are hard. (AC +6)
You cannot fit into any form of body armour.
You are resistant to electric shocks. (rElec)
You are cold-blooded and may be slowed by cold attacks.


Message History

The centaur shoots an arrow.
The arrow barely misses you.
You see here 2 arrows.
The centaur shoots an arrow.
The arrow hits you!
* * * LOW HITPOINT WARNING * * *
You see here an arrow.
The worker ant bites you but does no damage.
Ijyb zaps a wand.
You hear a grinding noise.
You closely miss the worker ant.
The worker ant is almost dead.
The worker ant bites you but does no damage.
You are confused.
You feel invigorated. The worker ant barely misses you.
You bump into the rock wall.
The worker ant misses you.
Ijyb zaps a wand.
Some rock shatters into small pieces.
You bump into the rock wall.
The centaur shoots an arrow.
The arrow hits you!
* * * LOW HITPOINT WARNING * * *
The worker ant barely misses you.
The centaur shoots an arrow.
The arrow hits you!
You die...

### #########
..# #.......#
..##.# #
..#.# .#
...#####.####
.>..........
#...c.......
#@...#######
#.ag.......#
#..#...!.#.#
#..#.#...#
#........#
#..#.#..##
#..#.#...
..........
##.###...##


You could see Ijyb, a centaur and a worker ant.

Vanquished Creatures
  Sigmund (D:2)
  A wyvern (D:4)
  An orc warrior (D:2)
  A phantom (D:3)
  2 bullfrogs (D:6)
  2 orc priests (D:6)
  4 orc wizards
  Jessica (D:2)
  Natasha (thrice) (D:2)
  4 gnolls (D:3)
  5 adders
  7 oozes (D:1)
  2 worms
  5 leopard geckos
  5 orcs
  10 bats
  4 giant cockroaches
  7 hobgoblins
  7 jackals
  6 quokkas
  A ball python (D:3)
  6 frilled lizards
  10 goblins
  A kobold (D:2)
  A quokka skeleton (D:4)
  9 rats
106 creatures vanquished.

Vanquished Creatures (others)
  8 fulminant prisms
8 creatures vanquished.

Grand Total: 114 creatures vanquished

Notes
Turn   | Place    | Note
-------+----------+-------------------------------------------
     0 | D:1      | Norian the Draconian Conjurer began the quest for the Orb.
     0 | D:1      | Reached XP level 1. HP: 14/14 MP: 3/3
     1 | D:1      | Found a runed translucent door.
   211 | D:1      | Reached XP level 2. HP: 6/20 MP: 0/5
   986 | D:2      | Reached XP level 3. HP: 24/26 MP: 1/7
  1109 | D:2      | Noticed Sigmund
  1109 | D:2      | Noticed Natasha
  1133 | D:2      | Killed Natasha
  1133 | D:2      | Reached XP level 4. HP: 25/33 MP: 1/8
  1138 | D:2      | Noticed Natasha
  1159 | D:2      | Killed Natasha
  1159 | D:2      | Reached skill level 5 in Conjurations
  1167 | D:2      | Killed Sigmund
  1167 | D:2      | Reached XP level 5. HP: 19/38 MP: 0/11
  1171 | D:2      | Noticed Natasha
  1177 | D:2      | Killed Natasha
  1177 | D:2      | Reached XP level 6. HP: 14/45 MP: 1/12
  1243 | D:2      | Learned a level 4 spell: Iskenderun's Mystic Blast
  1248 | D:2      | Learned a level 4 spell: Fulminant Prism
  1339 | D:2      | Noticed Jessica
  1342 | D:2      | Killed Jessica
  1436 | D:2      | Reached skill level 6 in Conjurations
  1831 | D:1      | Reached skill level 1 in Hexes
  1950 | D:3      | Noticed an orc warrior
  1988 | D:2      | Killed an orc warrior
  1988 | D:2      | Your scales start taking on a glossy black colour.
  1988 | D:2      | Reached XP level 7. HP: 4/50 MP: 5/14
  1988 | D:2      | Gained mutation: You are resistant to electric shocks.
                  | (rElec) [Black Draconian growth]
  2180 | D:3      | Reached skill level 5 in Spellcasting
  2572 | D:3      | Found a radiant altar of Vehumet.
  2577 | D:3      | Found an opulent altar of Gozag.
  2584 | D:3      | Found a sacrificial altar of Ru.
  2594 | D:3      | Became a worshipper of Vehumet
  2920 | D:4      | Noticed a wyvern
  2927 | D:4      | Killed a wyvern
  3030 | D:4      | You fall into a shaft and drop 2 floors!
  3037 | D:6      | Reached skill level 7 in Conjurations
  3159 | D:6      | Reached XP level 8. HP: 38/57 MP: 4/16
  3179 | D:5      | Entered Level 5 of the Dungeon
  3251 | D:5      | Noticed Ijyb
  3270 | D:5      | Shot with an arrow by a centaur

Levels and vault maps discovered:
D:1:      dpeg_arrival_caged_fury, layout_basic, minmay_tetromino_o4
D:2:      minmay_diamond_boxcup, layout_basic, serial_glass, glass_columns_b,
          glass_columns_b, glass_columns_c, glass_columns_c, glass_columns_b,
          glass_columns_a, glass_columns_b, glass_columns_c, uniq_jessica,
          uniq_sigmund, uniq_natasha
D:3:      layout_loops_cross, minmay_overflow_temple_star_quad, first_ration
D:4:      layout_basic, uniq_grinder
D:5:      layout_basic, led_sif_book, uniq_edmund, uniq_ijyb, uniq_pikel
D:6:      layout_basic, temple_hall, uniq_eustachio

Skill      XL: |  1  2  3  4  5  6  7 |
---------------+----------------------+-----
Spellcasting   | 3 4 5 |  5.8
Conjurations   | 5 6 7 |  7.2
Hexes          | 1 3 |  3.6
Dodging        | |  1.7
Stealth        | |  1.7

Action                   |  1- 3 |  4- 6 |  7- 9 || total
-------------------------+-------+-------+-------++-------
Melee: Unarmed           |    16 |       |       ||    16
       Tailslap          |     1 |     8 |     2 ||    11
       Dagger            |    17 |    62 |    29 ||   108
 Cast: Magic Dart        |    45 |    47 |    62 ||   154
       Fulminant Prism   |       |     2 |     6 ||     8
       Iskenderun's Myst |       |     2 |     6 ||     8
  Use: Potion            |       |     4 |     1 ||     5
 Stab: Sleeping          |     1 |       |       ||     1
  Eat: Chunk             |     1 |     3 |     6 ||    10
Armor: Skin              |    24 |    45 |    22 ||    91
Dodge: Dodged            |    28 |    48 |    44 ||   120
